 Dungeon Crawl Stone Soup version 0.20.1-1-g8b1a95d (webtiles) character file.

4101 tidbits the Fighter (level 9, 0/89 HPs)
             Began as a Demigod Wanderer on Aug 20, 2017.
             Slain by an unseen horror (10 damage)
             ... on level 10 of the Dungeon.
             The game lasted 00:39:52 (4394 turns).

tidbits the Fighter (Demigod Wanderer)              Turns: 4394, Time: 00:39:53

Health: 0/89       AC:  9    Str: 14    XL:     9   Next: 77%
Magic:  11/11      EV: 25    Int: 21    God:
Gold:   222        SH:  0    Dex: 17    Spells: 8/8 levels left

rFire    + + .     SeeInvis .   (weapon currently unavailable)
rCold    + + .     Gourm    .   (shield currently unavailable)
rNeg     + + +     Faith    .   (armour currently unavailable)
rPois    ∞         Spirit   .   (helmet currently unavailable)
rElec    +         Reflect  .   (cloak currently unavailable)
rCorr    +         Harm     .   (gloves currently unavailable)
MR       .....                  (boots currently unavailable)
Stlth    +++.......             (amulet currently unavailable)
Regen    0.3/turn               (ring currently unavailable)
MPRegen  0.2/turn               (ring currently unavailable)

@: about to teleport, wisp-form, marked, flying, quick
A: high mp 1
a: no special abilities


You were on level 10 of the Dungeon.
You were not hungry.
You were an insubstantial wisp.
You visited 1 branch of the dungeon, and saw 10 of its levels.
You also visited: Ossuary.

You collected 222 gold pieces.

Inventory:

Hand Weapons
 a - a +0 trident
 b - a +0 longbow (melded)
 q - a +0 hand axe
 u - a +0 dagger
 v - a +0 arbalest
 y - a +0 spear
 I - a +0 flail of protection
   (You took it off an orc on level 8 of the Dungeon)
Missiles
 e - 107 arrows
 s - 68 bolts
Armour
 B - a +2 scale mail (melded)
 C - a +2 cloak (melded)
 E - a +0 helmet (melded)
 F - a +0 pair of boots (melded)
 G - a +2 pair of gloves of archery (melded)
   (You found it on level 1 of the Dungeon)
Jewellery
 h - a cursed ring of loudness {unknown}
   (You found it on level 9 of the Dungeon)
 w - a ring of flight (melded)
   (You found it on level 4 of the Dungeon)
Wands
 d - a wand of digging (6/24)
 o - a wand of iceblast (7/15)
Scrolls
 f - a scroll of fog
 j - 3 scrolls of amnesia
 t - a scroll of immolation {unknown}
 H - a scroll of random uselessness {unknown}
Potions
 c - 7 potions of curing
 m - a potion of cancellation
 n - a potion of flight
 p - a potion of heal wounds
 x - a potion of might
 z - a potion of haste
 A - 2 potions of lignification
 D - a potion of brilliance {unknown}
Books
 r - a book of Callings
   (You found it on level 8 of the Dungeon)

   Spells                             Type                      Level
   a - Summon Small Mammal            Summoning                    1
   b - Call Imp                       Summoning                    2
   c - Call Canine Familiar           Summoning                    3
   d - Summon Guardian Golem          Hexes/Summoning              3
   e - Summon Lightning Spire         Summoning/Air                4
   f - Summon Ice Beast               Ice/Summoning                4
Comestibles
 g - 3 royal jellies
 k - 3 fruits
 l - a meat ration


   Skills:
 - Level 11.0 Fighting
 - Level 1.0(1.1) Axes
 - Level 1.0(1.1) Polearms
 - Level 1.0 Throwing
 + Level 4.2 Armour
 - Level 6.2 Dodging
 - Level 3.6 Stealth


You had 8 spell levels left.
You didn't know any spells.

Dungeon Overview and Level Annotations

Branches:
Dungeon (10/15)            Temple (0/1) D:7            Lair (0/6) D:8
    Orc (0/2) D:9

Annotations:
D:9 vineage's ghost, novice MiFi
D:10 Erolcha


Innate Abilities, Weirdness & Mutations

You have an increased reservoir of magic. (+10% MP)


Message History

You shoot an arrow. The arrow hits the scorpion!
The scorpion is almost dead.
Firing (i - inventory):
e - 112 arrows (quivered)
Press: ? - help, Shift-Dir - straight line, f/p - scorpion
Aim: a scorpion (almost dead)
You shoot an arrow. The arrow hits the scorpion!!
You kill the scorpion!
Erolcha the Cunning comes into view.
She is wielding a giant club.
Firing (i - inventory):
e - 111 arrows (quivered)
Press: ? - help, Shift-Dir - straight line, f - Erolcha
Aim: Erolcha, wielding a giant club and wearing a glowing robe (resting)
You shoot an arrow. The arrow hits Erolcha!
Erolcha shouts!
Erolcha is moderately wounded.
Erolcha casts a spell.
Erolcha seems to speed up.
A hound zombie comes into view.
Firing (i - inventory):
e - 110 arrows (quivered)
Press: ? - help, Shift-Dir - straight line, f/p - Erolcha
Aim: Erolcha, wielding a giant club and wearing a glowing robe (moderately wounded, fast)
You shoot an arrow. The arrow hits Erolcha!
Erolcha is heavily wounded.
A hippogriff and a two-headed ogre come into view.
Firing (i - inventory):
e - 109 arrows (quivered)
Press: ? - help, Shift-Dir - straight line, f/p - Erolcha
Aim: Erolcha, wielding a giant club and wearing a glowing robe (heavily wounded, fast)
You shoot an arrow. The hippogriff screeches!
The two-headed ogre shouts in stereo!
The arrow hits Erolcha!
Erolcha is severely wounded.
Erolcha zaps a wand.
You easily resist.
It is a wand of polymorph (?/24).
A phantom comes into view.
Firing (i - inventory):
e - 108 arrows (quivered)
Press: ? - help, Shift-Dir - straight line, f/p - Erolcha
Aim: Erolcha, wielding a giant club, wearing a glowing robe and carrying a wand of polymorph (?/24) {zapped: 1} (severely wounded, fast)
You shoot an arrow. The arrow barely misses Erolcha.
Erolcha zaps a wand.
You turn into an insubstantial wisp.
Your +0 longbow melds into your body.
Your +2 cloak melds into your body.
Your +0 helmet melds into your body.
Your +2 pair of gloves of archery melds into your body.
Your +0 pair of boots melds into your body.
Your +2 scale mail melds into your body.
Your ring of flight melds into your body.
Your aim is not that steady anymore.
The hound zombie barely misses you.
You can't do that in your present form.
Unknown command.
You blink.
The alarm trap emits a blaring wail!
A sentinel's mark forms upon you.
A yak comes into view.
The yak bellows!
You hear a bellow! x2; You hear an angry hiss. x2
You hear a shout! x3; You hear an angry buzzing noise. x3; You hear a howl!
You hear a shout!
You hear a howl!
You hear an angry growl.
You hear a shout!
Erolcha casts a spell at you. The bolt of cold misses you.
The hippogriff misses you. The hippogriff closely misses you.
The hippogriff completely misses you.
Erolcha zaps a wand.
You easily resist.
You hear a shout!
You hear a howl!
You hear a shout!
You hear a howl!
Found 11 stones.
A yak comes into view.
A yak comes into view.
An adder comes into view.
Erolcha screams, "Erolcha kill you!"
Erolcha points at you and mumbles some strange words.
The bolt of cold hits you! You resist.
Found 10 gold pieces.
Something closely misses you. Something barely misses you.
Erolcha casts a spell at you. The bolt of cold hits you! You resist.
Found 16 gold pieces.
Found a stone staircase leading down.
Something hits you!
* * * LOW HITPOINT WARNING * * *
Erolcha zaps a wand.
Something hits you but does no damage.
Something hits you but does no damage. x2; The phantom blinks!
The adder barely misses you. Something closely misses you.
The adder completely misses you.
Something closely misses you. x2; Something hits you.
* * * LOW HITPOINT WARNING * * *
Something hits you!
* * * LOW HITPOINT WARNING * * *
2 killer bees and a skeleton come into view.
Something closely misses you.
The phantom blinks!
Something hits you!
* * * LOW HITPOINT WARNING * * *
A killer bee comes into view.
Something hits you.
* * * LOW HITPOINT WARNING * * *
Something closely misses you. Something completely misses you.
As you read the scroll of teleportation, it crumbles to dust.
You feel strangely unstable.
You blink.
Erolcha screams, "Blood!"
Erolcha zaps a wand.
The yak completely misses you. Erolcha barely misses you.
A leopard gecko and a yak come into view.
An adder comes into view.
The yak misses you. The hound zombie closely misses you. Something misses you.
Something barely misses you. x2
The yak snorts and paws the ground.
The yak misses you. The yak closely misses you. Something hits you.
* * * LOW HITPOINT WARNING * * *
The leopard gecko misses you. Something hits you!
You die...

..# #..............# y# ..#
#.....(...(....# #y# ..#
#.......((.....# #y# ..#
#....(.....Y..(# #.# ..#
#..........W...# #.# ..#
#...(.......O..# #Z# ..#
#..........YYYO#####$# ..#
#.§...........ZS..Zy.#
..####..........vl.H.....§#
..........................#
....................####..#
....................# #..#
..####..........S...# #..#
..# #[.............# #..#
..# #..............# #..#
..# #..........>.$.# #..#
.. .......


You could see a two-headed ogre, Erolcha, a hippogriff, 4 yaks, a phantom, 2
adders, a hound zombie, a leopard gecko and a hound skeleton.

Vanquished Creatures
  The ghost of Overlord the Grappler, a novice TrMo of Nemelex Xobeh (D:6)
  The ghost of Frank the Sneak, a novice OpMo (D:4)
  2 hippogriffs (D:7)
  Menkaure (D:7)
  A hornet zombie (D:6)
  An ice beast (D:9)
  2 ogres
  A sky beast (D:5)
  5 centaurs
  3 elf zombies (Ossuary)
  2 bullfrogs
  A wyvern zombie (D:6)
  An elf skeleton (D:7)
  3 water moccasin zombies
  3 scorpions
  2 water moccasin skeletons (D:3)
  A killer bee (D:8)
  A howler monkey (D:4)
  2 bullfrog zombies (D:6)
  A crimson imp (D:5)
  5 human zombies (Ossuary)
  A centaur zombie (Ossuary)
  2 bullfrog skeletons (D:6)
  2 centaur skeletons
  2 hounds
  A jelly (D:8)
  2 human skeletons (D:7)
  2 iguanas (D:9)
  5 worker ants
  A big kobold zombie (Ossuary)
  4 hound zombies
  3 mummies (Ossuary)
  2 worker ant zombies (D:6)
  4 gnolls (D:6)
  8 adders
  An adder skeleton (D:6)
  4 adder zombies
  2 worms
  3 dart slugs
  3 leopard geckos
  11 orcs
  5 bats
  5 giant cockroaches
  4 goblins
  5 hobgoblins
  13 jackals
  2 quokkas (D:7)
  A ball python (D:1)
  3 frilled lizards
  3 goblin zombies (Ossuary)
  4 hobgoblin zombies (Ossuary)
  3 jackal zombies (Ossuary)
  7 kobolds
  A kobold zombie (Ossuary)
  4 leopard gecko zombies (D:6)
  An orc skeleton (D:7)
  2 orc zombies (D:7)
  4 quokka zombies
  2 rats (D:2)
  4 rat zombies (Ossuary)
176 creatures vanquished.

Notes
Turn   | Place    | Note
-------+----------+-------------------------------------------
     0 | D:1      | tidbits the Demigod Wanderer began the quest for the Orb.
     0 | D:1      | tidbits set off with: a +2 scale mail, a +0 spear, a potion of curing, a +0 dagger, a bread ration
     0 | D:1      | Reached XP level 1. HP: 16/16 MP: 3/3
   102 | D:1      | Reached skill level 2 in Fighting
   104 | D:1      | Reached XP level 2. HP: 21/24 MP: 4/4
   361 | D:1      | Reached XP level 3. HP: 15/30 MP: 5/5
   430 | D:1      | Reached skill level 3 in Fighting
   720 | D:3      | HP: 3/31 [water moccasin skeleton (4)]
   727 | D:3      | HP: 2/31 [water moccasin skeleton (2)]
   733 | D:3      | HP: 1/31 [water moccasin skeleton (2)]
   734 | D:3      | Reached skill level 4 in Fighting
   734 | D:3      | Reached XP level 4. HP: 1/40 MP: 6/6
  1138 | D:3      | Reached XP level 5. HP: 47/47 MP: 7/7
  1195 | D:4      | Reached skill level 5 in Fighting
  1349 | D:4      | Noticed Frank's ghost (novice OpMo)
  1358 | D:4      | Killed Frank's ghost
  1358 | D:4      | Reached skill level 6 in Fighting
  1358 | D:4      | Reached XP level 6. HP: 48/58 MP: 8/8
  1450 | D:4      | Reached skill level 7 in Fighting
  1558 | D:4      | Found a white marble altar of Elyvilon.
  1561 | D:4      | Found a stormy altar of Qazlal.
  1562 | D:4      | Found a shattered altar of Ashenzari.
  1566 | D:4      | You fall through a shaft for 3 floors!
  1585 | D:7      | Reached XP level 7. HP: 62/66 MP: 9/9
  1644 | D:7      | Found a sand-covered staircase.
  1652 | Ossuary  | Entered an ossuary
  1720 | Ossuary  | Reached skill level 8 in Fighting
  2086 | Ossuary  | Reached skill level 9 in Fighting
  2249 | Ossuary  | Reached XP level 8. HP: 62/78 MP: 10/10
  2418 | D:5      | Entered Level 5 of the Dungeon
  2912 | D:6      | Reached skill level 10 in Fighting
  3228 | D:6      | Reached skill level 11 in Fighting
  3287 | D:6      | Noticed Overlord's ghost (novice TrMo)
  3302 | D:6      | Killed Overlord's ghost
  3302 | D:6      | Reached skill level 3 in Dodging
  3302 | D:6      | Reached XP level 9. HP: 13/89 MP: 11/11
  3404 | D:7      | Reached skill level 4 in Dodging
  3447 | D:7      | Noticed Menkaure
  3449 | D:7      | Killed Menkaure
  3449 | D:7      | Reached skill level 5 in Dodging
  3500 | D:7      | Found a sacrificial altar of Ru.
  3589 | D:7      | Found a staircase to the Ecumenical Temple.
  3690 | D:7      | Reached skill level 6 in Dodging
  3753 | D:8      | Found a staircase to the Lair.
  3842 | D:8      | Reached skill level 2 in Armour
  3930 | D:9      | Noticed vineage's ghost (novice MiFi)
  4007 | D:8      | Reached skill level 3 in Armour
  4221 | D:9      | Reached skill level 4 in Armour
  4268 | D:9      | Found a staircase to the Orcish Mines.
  4298 | D:10     | Entered Level 10 of the Dungeon
  4373 | D:10     | Noticed Erolcha
  4376 | D:10     | Noticed a two-headed ogre
  4394 | D:10     | Slain by an unseen horror

Skill      XL: |  1  2  3  4  5  6  7  8  9 |
---------------+----------------------------+-----
Fighting       | 2 4 6 7 9 11 | 11.0
Dodging        | 3 6 |  6.2
Armour         | 4 |  4.2
Axes           | |  1.0
Polearms       | |  1.0
Throwing       | |  1.0
Stealth        | |  3.6

Action                   |  1- 3 |  4- 6 |  7- 9 || total
-------------------------+-------+-------+-------++-------
Melee: Spear             |   156 |    91 |     2 ||   249
       Trident           |       |    61 |   368 ||   429
 Fire: Longbow           |       |       |   252 ||   252
Evoke: Wand              |       |       |     7 ||     7
  Use: Potion            |     1 |     3 |       ||     4
       Scroll            |     1 |     3 |    14 ||    18
 Stab: Sleeping          |     1 |     2 |     2 ||     5
  Eat: Chunk             |       |     3 |       ||     3
       Fruit             |       |       |     2 ||     2
       Bread ration      |       |       |     2 ||     2
Armor: Scale mail        |    72 |    57 |   319 ||   448
       Skin              |       |       |     3 ||     3
Dodge: Dodged            |    63 |    67 |   326 ||   456

Table legend:
 A = Turns spent in this place as a percentage of turns spent in the entire game.
 B = Non-inter-level travel turns spent in this place as a percentage of non-inter-level travel turns spent in the entire game.
 C = Inter-level travel turns spent in this place as a percentage of turns spent in this place.
 D = Turns resting spent in this place as a percentage of non-inter-level travel turns spent in this place.
 E = Turns spent auto-exploring this place as a percentage of non-inter-level travel turns spent in this place.
 F = Non-inter-level travel turns spent in this place divided by the number of levels of this place that you've seen.
                   A       B       C       D       E      F
               +-------+-------+-------+-------+-------+----------------------
         Total | 100.0 | 100.0 |   0.0 |   0.0 |   0.0 | 381.8
       Dungeon |  85.3 |  85.3 |   0.1 |   0.0 |   0.0 | 358.2
       Ossuary |  14.7 |  14.7 |   0.0 |   0.0 |   0.0 | 618.0
               +-------+-------+-------+-------+-------+----------------------

Table legend:
 A = Kills in this place as a percentage of kills in entire the game.
 B = Kills by you in this place as a percentage of kills by you in the entire game.
 C = Kills by friends in this place as a percentage of kills by friends in the entire game.
 D = Other kills in this place as a percentage of other kills in the entire game.
 E = Experience gained in this place as a percentage of experience gained in the entire game.
 F = Experience gained in this place divided by the number of levels of this place that you have seen.
                   A       B       C       D       E      F
               +-------+-------+-------+-------+-------+----------------------
         Total | 100.0 | 100.0 |  -nan |  -nan | 100.0 | 532.6
       Dungeon |  80.1 |  80.1 |  -nan |  -nan |  88.0 | 515.8
       Ossuary |  19.9 |  19.9 |  -nan |  -nan |  12.0 | 701.0
               +-------+-------+-------+-------+-------+----------------------

Vault maps used:
D:1:      dpeg_arrival_three_bigger_balls
D:2:      elyvilon_altar_3
D:4:      minmay_overflow_temple_star_hex, first_bread
D:6:      serial_undead, serial_undead_c, serial_undead_a, serial_undead_d,
          serial_undead_e, serial_undead_e, serial_undead_d, serial_undead_d,
          serial_undead_c, serial_undead_d, serial_undead_d
D:7:      minmay_temple_entry_glassed_door, nicolae_ossuary_entry_catacombs,
          basic_altar, uniq_menkaure
D:8:      lair_entry_dummy
D:9:      minmay_orc_entry_temple_small, serial_shops, kennysheep_mini_moat
D:10:     grunt_ogre_cave, uniq_grum, uniq_erolcha
Ossuary:  minmay_ossuary_two_tombs
